 Dungeon Crawl Stone Soup version 0.30-a0-610-gb513c0a51f (webtiles) character file.

Game seed: 6759820361099834889

22 M4edhros the Charlatan (level 2, -1/18 HPs)
             Began as an Octopode Artificer on Jan 8, 2023.
             Succumbed to an adder's poison
             ... on level 2 of the Dungeon.
             The game lasted 00:00:21 (297 turns).

M4edhros the Charlatan (Octopode Artificer)          Turns: 297, Time: 00:00:21

Health: -1/18      AC:  1    Str: 11    XL:     2   Next: 91%
Magic:  2/2        EV: 13    Int: 13    God:
Gold:   0          SH:  0    Dex: 12    Spells: 1/1 levels left

rFire   + . .      SeeInvis .      - Unarmed
rCold   x . .      Faith    .    (no shield)
rNeg    . . .      Spirit   .    (helmet restricted)
rPois   .          Reflect  .    (no amulet)
rElec   .          Harm     .    a - ring of fire
rCorr   .          Rampage  .    (no ring)
Will    .....                    (no ring)
Stlth   +++                      (no ring)
HPRegen 0.23/turn                (no ring)
MPRegen 0.08/turn                (no ring)
                                 (no ring)
                                 (no ring)

@: lethally poisoned (-1 -> -10)
A: almost no armour, amphibious, 8 rings, camouflage 1, gelatinous body 1,
(nimble swimmer 1), tentacles
a: no special abilities


You were on level 2 of the Dungeon.
You visited 1 branch of the dungeon, and saw 2 of its levels.

Inventory:

Jewellery
 a - a ring of fire (left tentacle)
Wands
 b - a wand of flame (14) (quivered)
 c - a wand of charming (15)
 d - a wand of iceblast (5)
Scrolls
 e - a scroll of fear {unknown}
 f - a scroll of teleportation {unknown}


   Skills:
 + Level 1.3 Fighting
 + Level 2.5 Dodging
 + Level 2.0 Stealth
 * Level 1.2 Unarmed Combat
 + Level 3.5 Evocations


You had one spell level left.
You didn't know any spells.
Your spell library was empty.

Dungeon Overview and Level Annotations

Branches:
Dungeon (2/15)

Altars:


Innate Abilities, Weirdness & Mutations

You cannot wear most types of armour.
You are amphibious.
You can wear up to eight rings at the same time.
Your skin changes colour to match your surroundings (Stealth+).
Your rubbery body absorbs attacks. (AC +1, EV +1)
((You are camouflaged when in or above water. (Stealth+)))
You have tentacles for arms and can constrict up to eight enemies at once.


Message History

Your grab misses the adder. The adder barely misses you.
You closely miss the adder. Your grab misses the adder. The adder bites you.
The adder misses you.
You barely miss the adder. You grab the adder. You squeeze the adder.
The adder is lightly wounded.
You constrict the adder. The adder bites you.
You are poisoned.
The adder poisons you!
You tentacle-slap the adder.
The adder is heavily wounded.
You constrict the adder.
You feel sick. The adder barely misses you.
You tentacle-slap the adder but do no damage.
The adder is heavily wounded.
You constrict the adder.
You feel sick. The adder bites you.
You are lethally poisoned!
The adder poisons you!
You barely miss the adder.
The adder is severely wounded.
You constrict the adder.
* * * LOW HITPOINT WARNING * * *
You feel very sick. The adder completely misses you. The adder bites you.
* * * LOW HITPOINT WARNING * * *
You are more poisoned.
The adder poisons you!
You aren't carrying any potions.
Aiming: Throw Flame
Press: ? - help, Shift-Dir - straight line, f - adder
Aim: an adder (almost dead, constricted by you, 90% to hit)
The puff of flame misses the adder.
You constrict the adder.
You kill the adder!
* * * LOW HITPOINT WARNING * * *
You feel very sick.
Your Stealth skill increases to level 2!
Your Unarmed Combat skill increases to level 1!
There is a lethal amount of poison in your body!
There is a lethal amount of poison in your body!
There is a lethal amount of poison in your body!
There is a lethal amount of poison in your body!
You die...

.####.##..# ..........#
#+## #...#.....# ##...##
.#.#......# ##.....##
..#...#...# ##.......##
..#..#....####.........#
..###...#....'...†.....+
.#..#..#..#.##.........#
#...###...#.###.@.....##
...#...#..#.# ##.....##
..#.....#.#.# ##...##
##..........# #+##
..#.....#...#
...#...#....#
#...###.....# .#..#
#..#.# ..## #...#


There were no monsters in sight!

Vanquished Creatures
  An adder (D:2)
  2 endoplasms
  2 goblins
  2 hobgoblins (D:2)
  A kobold (D:2)
  A ball python (D:2)
  2 bats (D:1)
  A rat (D:2)
12 creatures vanquished.

Notes
Turn   | Place    | Note
-------+----------+-------------------------------------------
     0 | D:1      | M4edhros the Octopode Artificer began the quest for the
                  | Orb.
     0 | D:1      | Reached XP level 1. HP: 13/13 MP: 1/1
   197 | D:2      | Reached XP level 2. HP: 18/18 MP: 2/2
   297 | D:2      | Reached skill level 1 in Unarmed Combat
   297 | D:2      | Succumbed to an adder's poison

Illustrated notes

Levels and vault maps discovered:
D:1:      saegor_arrival_simple_e, layout_basic, chequers_arboretum,
          minmay_misc_feat_doors
D:2:      layout_loops_corners, basic_altar,
          shapermc_ecumenical_altar_notcrosses, minmay_splitting_lines,
          minmay_pentomino_pile

Skill      XL: |  1  2 |
---------------+-------+-----
Stealth        | 2 |  2.0
Unarmed Combat | 1 |  1.2
Fighting       | |  1.3
Dodging        | |  2.5
Evocations     | |  3.5

Action                   || total
-------------------------++-------
Melee: Unarmed           ||    30
       Tentacles         ||    11
       Constrict         ||     7
       Punch             ||     1
Evoke: Wand              ||     1
 Stab: Sleeping          ||     3
Armor: Skin              ||     2
Dodge: Dodged            ||    16

Table legend: (Time is in decaauts)
 A = Elapsed time spent in this place.
 B = Non-inter-level travel time spent in this place.
 C = Inter-level travel time spent in this place.
 D = Time resting spent in this place.
 E = Time spent auto-exploring this place.
 F = Levels seen in this place.
 G = Mean time per level.
                   A        B        C        D        E       F      G
               +--------+--------+--------+--------+--------+-----+--------+
         Total |    296 |    253 |     43 |      0 |    176 |   2 |  148.0 |
       Dungeon |    296 |    253 |     43 |      0 |    176 |   2 |  148.0 |
               +--------+--------+--------+--------+--------+-----+--------+

Top non-repeatable levels by time:
     D:1: 162 daAuts
     D:2: 134 daAuts
